Map: Ultralove

Players

joje - Winner!

  • Race: Terran Terran
  • League: Platinum
  • Spawn Location: 1:00

ManlyManMeat

  • Race: Protoss Protoss
  • League: Master
  • Spawn Location: 7:00

VOD

Have the link to the VOD?

Description

Time

  • Played on: June 16, 2025, 10:13 a.m.
  • Length: 5:32
Show
View Real Time Build Order
Export as new Build Order

joje Terran - Winner!

Build Orders: 1/1/1 

Get SALT Encoding   

  12  0:00  SCV  
  13  0:12  SCV  
  14  0:18  Supply Depot  
  14  0:24  SCV  
  15  0:31  Refinery  
  15  0:42  Barracks  
  15  0:44  SCV  
  16  0:54  Refinery  
  16  0:56  SCV  
  17  1:08  SCV  
  18  1:20  SCV  
  19  1:29  Marine  
  20  1:33  Factory  
  20  1:34  Orbital Command  
  20  1:44  Supply Depot  
  20  1:47  Marine  
  22  2:01  SCV  
  22  2:05  Marine  
  23  2:13  SCV  
  24  2:17  Starport  
  24  2:18  Factory Tech Lab  
  24  2:23  Marine  
  24  2:25  SCV  
  24  2:29  Supply Depot  
  26  2:38  Siege Tank  
  29  2:44  SCV  
  30  2:53  Medivac  
  30  2:57  SCV  
  33  2:59  Fusion Core  
  33  3:04  Supply Depot  
  33  3:56  Battlecruiser  
  33  3:57  Command Center  
  36  4:51  Command Center  
Show
View Real Time Build Order
Export as new Build Order

ManlyManMeat Protoss 

Build Orders: 1 Gate Expand 

Get SALT Encoding   

  12  0:00  Probe  
  13  0:12  Probe  
  14  0:20  Pylon  
  14  0:25  Probe  
  15  0:34  Probe  
  15  0:42  Probe, Gateway  
  16  0:49  Assimilator  
  17  0:52  Probe  
  18  1:04  Probe  
  19  1:23  Nexus  
  19  1:26  Probe  
  20  1:40  Cybernetics Core  
  20  1:50  Gateway, Probe  
  21  1:59  Pylon  
  21  2:05  Probe  
  21  2:06  Warp Gate  
  22  2:09  Adept  
  24  2:25  Pylon  
  24  2:28  Robotics Facility  
  24  2:34  Probe x2  
  24  2:35  Stalker  
  28  2:45  Stalker  
  28  2:51  Assimilator  
  30  2:59  Probe x2  
  32  3:11  Probe x2  
  34  3:18  Stalker  
  34  3:23  Probe x2  
  38  3:41  Twilight Council  
  38  3:43  Probe, Gateway  
  38  3:44  Probe  
  38  3:46  Gateway  
  40  3:54  Probe  
  40  3:55  Probe  
  40  3:57  Forge  
  40  4:02  Sentry  
  44  4:03  Probe  
  44  4:08  Probe  
  45  4:20  Probe  
  44  4:41  Pylon  
  44  4:51  Probe x2, Immortal  
  46  4:58  Pylon  
  50  5:03  Probe x2  
  52  5:12  Stalker x2  
  54  5:16  Probe  
Tags
 
Add a new tag
Caveats
  • Supply blocks, unpowered buildings, or Contaminate may cause inaccurate times.
  • Supply counts are checked every 10 seconds.